 Dungeon Crawl Stone Soup version 0.31-a0-89-g637a80eef8 (webtiles) character file.

Game seed: 6221878292149014288

9 Colgate the Grave Robber (level 2, -2/20 HPs)
             Began as a Meteoran Necromancer on May 25, 2023.
             Slain by a worm (10 damage)
             ... on level 3 of the Dungeon.
             The game lasted 00:03:26 (158 turns).

Colgate the Grave Robber (Meteoran Necromancer)      Turns: 158, Time: 00:03:26

Health: -2/20      AC:  2    Str:  9    XL:     2   Next: 41%
Magic:  0/7        EV: 12    Int: 16    God:
Gold:   1          SH:  0    Dex: 14    Spells: 7/8 levels left

rFire   . . .        f - +0 dagger
rCold   . . .        (no shield)
rNeg    . . .        a - +0 robe
rPois   .            (no helmet)
rElec   .            (no cloak)
rCorr   .            (no gloves)
SInv    .            (no boots)
Will    .....        (no amulet)
Stlth   +            (no ring)
HPRegen 0.23/turn    (no ring)
MPRegen 0.10/turn

%: no passive effects
@: very slightly contaminated, glowing
A: sense surroundings 1, otherworldly, glowing, explore regen
a: no special abilities


You were on level 3 of the Dungeon.
You visited 1 branch of the dungeon, and saw 3 of its levels.

You collected 34 gold pieces.
You spent 33 gold pieces at shops.

Inventory:

Hand Weapons
 f - a +0 dagger (weapon)
Armour
 a - a +0 robe (worn)
Scrolls
 c - a scroll of poison
 d - a scroll of identify {@r1}
 e - a scroll of noise
Potions
 b - a potion of magic


   Skills:
 - Level 2.4 Dodging
 - Level 1.4 Stealth
 + Level 3.6 Spellcasting
 - Level 4.3 Necromancy


You had 7 spell levels left.
You knew the following spells:

 Your Spells              Type           Power      Damage    Failure   Level
a - Necrotise             Necr           64%        1d7       3%          1

Your spell library contained the following spells:

 Spells                   Type           Power      Damage    Failure   Level
 Vampiric Draining        Necr           16%        2d7       9%          3
 Animate Dead             Necr           16%        N/A       28%         4
 Agony                    Necr           16%        N/A       63%         5


Dungeon Overview and Level Annotations

Branches:
Dungeon (3/15) Zot: 1642

Altars:

Shops:
D:3 ?


Innate Abilities, Weirdness & Mutations

You passively map a small area around you.
You are easily found by Zot.
You glow in the dark.
You regain HP and MP as you explore.


Message History

You hit the worm.
Your ball python skeleton barely misses the worm. x2
You hit the worm.
Your ball python skeleton barely misses the worm.
Your ball python skeleton grabs the worm.
Your ball python skeleton constricts the worm.
The goblin barely misses you. The worm bites you but does no damage.
You hit the worm.
Your ball python skeleton loses its grip on the worm.
Your ball python skeleton crumbles into dust!
The goblin hits you but does no damage.
The worm barely resists.
The worm bites you. The goblin closely misses you.
Aiming: Necrotise (safe; 3% risk of failure)
Aim: a worm (almost dead, chance to affect: 80%)
The worm writhes in agony.
The goblin hits you with a +0 dagger. The worm barely misses you.
Aiming: Necrotise (safe; 3% risk of failure)
Aim: a worm (almost dead, chance to affect: 80%)
The worm barely resists.
The goblin hits you with a +0 dagger.
Aiming: Necrotise (safe; 3% risk of failure)
Aim: a worm (almost dead, chance to affect: 80%)
You miscast Necrotise.
You are very lightly contaminated with residual magic.
Nothing appears to happen.
The goblin barely misses you. The worm misses you.
Aiming: Necrotise (safe; 3% risk of failure)
Aim: a worm (severely wounded, chance to affect: 80%)
You miscast Necrotise.
Nothing appears to happen.
The goblin hits you but does no damage.
Aiming: Necrotise (safe; 3% risk of failure)
Aim: a worm (severely wounded, chance to affect: 80%)
The worm barely resists.
The worm closely misses you. The goblin hits you with a +0 dagger.
Aiming: Necrotise (safe; 3% risk of failure)
Aim: a worm (severely wounded, chance to affect: 80%)
The worm writhes in agony.
The goblin hits you with a +0 dagger. The worm bites you!
Ouch! That really hurt!
You die...

* *** * * * * ** ,
#######♣. #.......*
#####w#..####
#######....@g......,
#........###.##.#.#*
, *#.#####.#....#
#..Z.#..#.####
##.##......... ,
.#..........####
,,............#...
,,, ,
....###.....#.# * ,
................#


You could see a worm and a goblin.

Vanquished Creatures
  A ball python (D:3)
  A bat (D:1)
  An endoplasm (D:3)
  A giant cockroach (D:1)
  3 goblins
7 creatures vanquished.

Notes
Turn   | Place    | Note
-------+----------+-------------------------------------------
     0 | D:1      | Colgate the Meteoran Necromancer began the quest for the
                  | Orb.
     0 | D:1      | Reached XP level 1. HP: 14/14 MP: 5/5
    31 | D:1      | Reached XP level 2. HP: 20/20 MP: 2/7
    84 | D:3      | Found Epamyiw's Magic Scroll Shoppe.
    89 | D:3      | Bought a scroll of identify for 22 gold pieces
    89 | D:3      | Bought a scroll of noise for 11 gold pieces
   158 | D:3      | Slain by a worm

Illustrated notes

Levels and vault maps discovered:
D:1:      wander_arrival_desolate, layout_rooms, st_stairs_2
D:2:      layout_basic
D:3:      layout_basic, serial_shops, nicolae_shop_hallway_stairs,
          nicolae_shop_rolling_square, nicolae_shop_trees,
          nicolae_shop_pleasant_corner_grove, shop,
          hellmonk_ecumenical_altar_heavens_door, uniq_terence

Skill      XL: |  1 |
---------------+----+-----
Spellcasting   | 3 |  3.6
Dodging        | |  2.4
Stealth        | |  1.4
Necromancy     | |  4.3

Action                     || total
---------------------------++-------
  Melee: Dagger            ||     3
   Cast: Necrotise         ||    15
    Use: Scroll            ||     1
 Armour: Robe              ||     3
  Dodge: Dodged            ||     7

Table legend: (Time is in decaauts)
 A = Elapsed time spent in this place.
 B = Non-inter-level travel time spent in this place.
 C = Inter-level travel time spent in this place.
 D = Time resting spent in this place.
 E = Time spent auto-exploring this place.
 F = Levels seen in this place.
 G = Mean time per level.
                   A        B        C        D        E       F      G
               +--------+--------+--------+--------+--------+-----+--------+
         Total |    157 |    157 |      0 |      0 |      0 |   3 |   52.3 |
       Dungeon |    157 |    157 |      0 |      0 |      0 |   3 |   52.3 |
               +--------+--------+--------+--------+--------+-----+--------+

Top non-repeatable levels by time:
     D:3: 73 daAuts
     D:1: 59 daAuts
     D:2: 24 daAuts
